 Dungeon Crawl Stone Soup version 0.27.1-1-g398f81649c (webtiles) character file.

Game seed: 13337004697486581741

7763 MisterFreud the Blocker (level 11, -11/89 HPs)
             Began as a Gnoll Fighter on Sept 10, 2021.
             Was a High Priest of Lugonu.
             Mangled by a polar bear (18 damage)
             ... on level 9 of the Dungeon.
             The game lasted 00:15:02 (10592 turns).

MisterFreud the Blocker (Gnoll Fighter)            Turns: 10592, Time: 00:15:03

Health: -11/89     AC: 14    Str: 24    XL:     11   Next: 20%
Magic:  20/20      EV: 10    Int: 11    God:    Lugonu [*****.]
Gold:   196        SH: 17    Dex:  6    Spells: 20/22 levels left

rFire    . . .     SeeInvis .   K - +3 rapier (venom)
rCold    + . .     Faith    .   c - +1 kite shield
rNeg     + + .     Spirit   .   b - +0 scale mail
rPois    .         Reflect  +   D - +0 helmet
rElec    .         Harm     .   N - +2 cloak {Stlth+}
rCorr    +         Rampage  .   r - +0 pair of gloves
Will     .....                  (no boots)
Stlth    ++........             Q - amulet of the Evening {Reflect rN+ rCorr SH+5}
HPRegen  0.24/turn              P - ring of Ojemirr {rC+ rN+ rCorr Str+8 Dex-5}
MPRegen  0.17/turn              (no ring)

@: no status effects
A: fangs 1, strong nose, distributed training
a: Renounce Religion, Depart the Abyss, Bend Space, Banish, Corrupt, Enter the
Abyss


You were on level 9 of the Dungeon.
You worshipped Lugonu.
Lugonu was extremely pleased with you.
You visited 1 branch of the dungeon, and saw 9 of its levels.

You collected 590 gold pieces.
You spent 394 gold pieces at shops.

Inventory:

Hand Weapons
 a - a +0 rapier
 t - a +2 dagger of speed
 v - a +2 dagger of venom
 K - a +3 rapier of venom (weapon)
 M - a +0 hand axe of flaming
Missiles
 h - a throwing net
 m - 33 poisoned darts (quivered)
 G - 4 curare-tipped darts
Armour
 b - a +0 scale mail (worn)
 c - a +1 kite shield (worn)
 n - a +0 cloak
 r - a +0 pair of gloves (worn)
 D - a +0 helmet (worn)
 N - a +2 cloak of stealth (worn)
Jewellery
 g - a ring of ice
 P - the ring of Ojemirr (left hand) {rC+ rN+ rCorr Str+8 Dex-5}
   (You took it off a centaur on level 8 of the Dungeon)

   [ring of positive energy]

   Str:       It affects your strength (+8).
   Dex:       It affects your dexterity (-5).
   rC:        It protects you from cold.
   rN:        It protects you from negative energy.
   rCorr:     It protects you from acid and corrosion.
 Q - the amulet of the Evening (around neck) {Reflect rN+ rCorr SH+5}
   (You found it on level 8 of the Dungeon)

   [amulet of reflection]

   It reflects blocked missile attacks.
   rN:        It protects you from negative energy.
   rCorr:     It protects you from acid and corrosion.
   SH:        It affects your SH (+5).
Wands
 l - a wand of iceblast (14)
 y - a wand of acid (3)
 C - a wand of mindburst (9)
 E - a wand of flame (8)
 I - a wand of paralysis (3)
 O - a wand of polymorph (7)
Scrolls
 e - 2 scrolls of magic mapping
 f - a scroll of enchant weapon
 k - a scroll of noise
 o - 4 scrolls of teleportation
 q - 3 scrolls of identify
 s - a scroll of brand weapon {unknown}
 x - a scroll of enchant armour
 L - a scroll of summoning {unknown}
 R - a scroll of blinking {unknown}
Potions
 d - 2 potions of might
 i - a potion of heal wounds
 j - a potion of curing
 p - a potion of mutation
 u - 3 potions of haste
 w - 4 potions of degeneration
 z - 2 potions of berserk rage
 A - 3 potions of lignification
 F - a potion of cancellation
 H - a potion of brilliance
 J - a potion of attraction


   Skills:
 + Level 9.0 Fighting
 + Level 7.7 Short Blades
 + Level 6.0 Long Blades
 + Level 6.0 Axes
 + Level 6.0 Maces & Flails
 + Level 6.0 Polearms
 + Level 6.0 Staves
 + Level 6.0 Slings
 + Level 6.0 Bows
 + Level 6.0 Crossbows
 + Level 6.0 Throwing
 + Level 9.0 Armour
 + Level 6.0 Dodging
 + Level 6.0 Stealth
 + Level 9.0 Shields
 + Level 6.0 Unarmed Combat
 + Level 6.0 Spellcasting
 + Level 5.0 Conjurations
 + Level 5.0 Hexes
 + Level 5.0 Summonings
 + Level 5.0 Necromancy
 + Level 5.0 Translocations
 + Level 5.0 Transmutations
 + Level 5.0 Fire Magic
 + Level 5.0 Ice Magic
 + Level 5.0 Air Magic
 + Level 5.0 Earth Magic
 + Level 5.0 Poison Magic
 + Level 6.6 Invocations
 + Level 6.0 Evocations


You had 20 spell levels left.
You knew the following spells:

 Your Spells              Type           Power      Damage    Failure   Level
a - Blink                 Tloc           N/A        N/A       17%         2

Your spell library contained the following spells:

 Spells                   Type           Power      Damage    Failure   Level
 Ensorcelled Hibernation  Hex/Ice        28%        N/A       17%         2
 Call Canine Familiar     Summ           14%        N/A       34%         3
 Lesser Beckoning         Tloc           7%         N/A       34%         3
 Portal Projectile        Hex/Tloc       28%        N/A       34%         3
 Spider Form              Tmut/Pois      7%         N/A       34%         3
 Animate Dead             Necr           7%         N/A       75%         4
 Leda's Liquefaction      Hex/Erth       7%         N/A       75%         4
 Borgnjor's Vile Clutch   Necr/Erth      7%         N/A       97%         5
 Manifold Assault         Tloc           14%        N/A       97%         5
 Death Channel            Necr           7%         N/A       100%        6
 Shadow Creatures         Summ           N/A        N/A       100%        6
 Borgnjor's Revivificati  Necr           7%         N/A       100%        8
 Necromutation            Tmut/Necr      7%         N/A       100%        8
 Death's Door             Necr           7%         N/A       100%        9


Dungeon Overview and Level Annotations

Branches:
Dungeon (9/15)             Temple (0/1) D:6            Lair (0/6) D:9
    Orc: D:9-12

Altars:
Hepliaklqana
Kikubaaqudgha
Makhleb
Qazlal
Ru
Vehumet
Xom
Yredelemnul
Lugonu

Shops:
D:5 !   D:7 [


Innate Abilities, Weirdness & Mutations

You have very sharp teeth.
Your uncanny sense of smell can sniff out nearby items.
Your experience applies equally to all skills.


Message History

The polar bear bites you. You block the polar bear's attack. x3
The polar bear closely misses you.
The polar bear claws you but does no damage.
You puncture the polar bear!
The polar bear looks as sick as possible!
The polar bear is moderately wounded.
You block the polar bear's attack. x2
The polar bear claws you but does no damage.
You block the polar bear's attack. The polar bear closely misses you. x2
You puncture the polar bear!
The polar bear looks as sick as possible!
Your bite misses the polar bear.
The polar bear is severely wounded.
The polar bear bites you.
The polar bear claws you but does no damage.
The polar bear claws you.
The polar bear goes berserk!
The polar bear closely misses you. You block the polar bear's attack.
The polar bear claws you but does no damage.
You block the polar bear's attack.
The polar bear claws you but does no damage.
The polar bear barely misses you.
Your hearing returns.
You block the polar bear's attack. x3
You block the polar bear's attack.
The polar bear claws you but does no damage.
The polar bear claws you.
You hit the polar bear but do no damage.
The polar bear is almost dead.
The polar bear bites you! The polar bear closely misses you.
You block the polar bear's attack. The polar bear bites you!
The polar bear claws you but does no damage. x2
You hit the polar bear but do no damage.
The polar bear looks as sick as possible!
The polar bear is almost dead.
The polar bear bites you!!
* * * LOW HITPOINT WARNING * * *
You block the polar bear's attack. The polar bear closely misses you.
The polar bear bites you but does no damage.
You block the polar bear's attack. x2; The polar bear bites you!!
You die...

≈≈≈≈≈≈......>.........,,* **** *,
≈≈≈...................,,**#..***,
....≈................,,,,....,,,,
..≈≈......##....##.######...#****
.......#####.......=..#.....#
##...### #...............#* ####*
##...8.......8..#
#....h.(......#* ##..@h...(...#*
#####.$...### #######


You could see 2 polar bears.

Vanquished Creatures
  A centaur warrior (D:8)
  Erica (D:9)
  Pikel (D:6)
  A centaur zombie (D:8)
  A black mamba (shapeshifter) (D:9)
  Maggie (D:7)
  A polar bear (D:9)
  A hornet (D:8)
  Sigmund (D:4)
  Eustachio (D:6)
  6 yaks (D:9)
  A wyvern (D:8)
  2 steam dragons (D:9)
  Menkaure (D:4)
  Edmund (D:6)
  A water moccasin (D:8)
  Duvessa (D:6)
  3 black bears
  2 orc warriors
  An ogre (D:4)
  An ice beast (D:9)
  A wolf (D:9)
  A lemure (D:6)
  7 centaurs
  A kobold brigand (D:8)
  2 bullfrogs
  Dowan (D:6)
  4 jellies
  A centaur skeleton (D:7)
  4 orc priests
  2 hounds
  Crazy Yiuf (D:7)
  An iguana (D:7)
  Jessica (D:3)
  Natasha (D:4)
  7 orc wizards
  3 killer bee zombies
  2 centaur simulacra (D:9)
  A howler monkey zombie (D:8)
  A killer bee simulacrum (D:9)
  Robin (D:3)
  7 gnolls
  10 adders
  4 white imps
  A howler monkey simulacrum (D:9)
  An ufetubus (D:9)
  A worm (D:5)
  3 dart slugs
  29 orcs
  10 endoplasms
  5 giant cockroaches
  21 goblins
  12 hobgoblins
  6 jackals (D:1)
  7 kobolds
  3 quokkas
  8 ball pythons
  13 bats
  10 frilled lizards
  3 rats (D:1)
227 creatures vanquished.

Vanquished Creatures (others)
  A human simulacrum (D:9)
  20 fungi (D:9)
  8 plants
29 creatures vanquished.

Grand Total: 256 creatures vanquished

Notes
Turn   | Place    | Note
-------+----------+-------------------------------------------
     0 | D:1      | MisterFreud the Gnoll Fighter began the quest for the Orb.
     0 | D:1      | Reached XP level 1. HP: 23/23 MP: 1/1
   214 | D:1      | Found a faded altar of an unknown god.
   216 | D:1      | Reached XP level 2. HP: 29/29 MP: 2/2
   224 | D:1      | Became a worshipper of Lugonu the Unformed
   224 | D:1      | Reached * piety under Lugonu
   224 | D:1      | Reached ** piety under Lugonu
   575 | D:1      | Reached XP level 3. HP: 34/35 MP: 3/3
   999 | D:2      | Reached skill level 1 in Invocations
  1303 | D:2      | Reached skill level 1 in Long Blades
  1303 | D:2      | Reached skill level 1 in Axes
  1303 | D:2      | Reached skill level 1 in Maces & Flails
  1303 | D:2      | Reached skill level 1 in Polearms
  1303 | D:2      | Reached skill level 1 in Staves
  1303 | D:2      | Reached skill level 1 in Slings
  1303 | D:2      | Reached skill level 1 in Bows
  1303 | D:2      | Reached skill level 1 in Crossbows
  1303 | D:2      | Reached skill level 1 in Throwing
  1303 | D:2      | Reached skill level 1 in Dodging
  1303 | D:2      | Reached skill level 1 in Stealth
  1303 | D:2      | Reached skill level 1 in Unarmed Combat
  1303 | D:2      | Reached skill level 1 in Spellcasting
  1303 | D:2      | Reached skill level 1 in Evocations
  1493 | D:2      | Reached XP level 4. HP: 41/41 MP: 5/5
  1840 | D:3      | Reached skill level 1 in Conjurations
  1840 | D:3      | Reached skill level 1 in Hexes
  1840 | D:3      | Reached skill level 1 in Summonings
  1840 | D:3      | Reached skill level 1 in Necromancy
  1840 | D:3      | Reached skill level 1 in Translocations
  1840 | D:3      | Reached skill level 1 in Transmutations
  1840 | D:3      | Reached skill level 1 in Fire Magic
  1840 | D:3      | Reached skill level 1 in Ice Magic
  1840 | D:3      | Reached skill level 1 in Air Magic
  1840 | D:3      | Reached skill level 1 in Earth Magic
  1840 | D:3      | Reached skill level 1 in Poison Magic
  1975 | D:3      | Noticed Robin
  1991 | D:4      | Reached *** piety under Lugonu
  2056 | D:4      | Reached XP level 5. HP: 46/47 MP: 5/7
  2288 | D:3      | Noticed a black bear
  2300 | D:3      | Killed a black bear
  2301 | D:3      | Reached XP level 6. HP: 49/53 MP: 8/8
  2494 | D:3      | Killed Robin
  2801 | D:3      | Noticed Jessica
  2806 | D:3      | Killed Jessica
  2807 | D:3      | Reached skill level 5 in Short Blades
  2985 | D:4      | Found a sacrificial altar of Ru.
  3334 | D:4      | Noticed Menkaure
  3337 | D:4      | Killed Menkaure
  3337 | D:4      | Reached **** piety under Lugonu
  3338 | D:4      | Reached XP level 7. HP: 54/59 MP: 10/10
  3411 | D:4      | Noticed Sigmund
  3429 | D:4      | Killed Sigmund
  3893 | D:4      | Noticed Natasha
  3900 | D:4      | Killed Natasha
  4121 | D:5      | Entered Level 5 of the Dungeon
  4121 | D:5      | Found Noth's Distillery.
  4179 | D:5      | Bought a potion of curing for 36 gold pieces
  4179 | D:5      | Bought a potion of haste for 120 gold pieces
  4179 | D:5      | Bought a potion of lignification for 36 gold pieces
  4217 | D:5      | Found a stormy altar of Qazlal.
  4360 | D:5      | Found a hazy altar of Hepliaklqana.
  4361 | D:5      | Found a shimmering altar of Xom.
  4362 | D:5      | Noticed a spectral ugly thing
  4441 | D:5      | Reached XP level 8. HP: 67/67 MP: 12/12
  5379 | D:6      | Found a radiant altar of Vehumet.
  5382 | D:6      | Noticed Pikel
  5415 | D:6      | Killed Pikel
  5416 | D:6      | Reached XP level 9. HP: 16/72 MP: 12/14
  5735 | D:6      | Found a staircase to the Ecumenical Temple.
  5735 | D:6      | Noticed Edmund
  5741 | D:6      | Noticed Duvessa
  5742 | D:6      | Noticed Dowan
  5762 | D:6      | Killed Edmund
  5770 | D:6      | Killed Duvessa
  5779 | D:6      | Killed Dowan
  6566 | D:6      | Noticed Eustachio
  6588 | D:6      | Killed Eustachio
  7048 | D:7      | Found an ancient bone altar of Kikubaaqudgha.
  7097 | D:7      | Noticed Maggie
  7106 | D:7      | Killed Maggie
  7416 | D:7      | Learned a level 2 spell: Blink
  7589 | D:7      | Found Ohaotzadd's Antique Armour Emporium.
  7596 | D:7      | Bought a glowing cloak for 202 gold pieces
  7746 | D:7      | Reached skill level 5 in Invocations
  7751 | D:7      | Found a runed translucent door.
  7752 | D:7      | Noticed Crazy Yiuf
  7757 | D:7      | Killed Crazy Yiuf
  8085 | D:8      | Identified the ring of Ojemirr {rC+ rN+ rCorr Str+8 Dex-5}
  8134 | D:8      | Reached XP level 10. HP: 70/80 MP: 15/17
  8393 | D:8      | Reached ***** piety under Lugonu
  8394 | D:8      | Reached skill level 5 in Long Blades
  8394 | D:8      | Reached skill level 5 in Axes
  8394 | D:8      | Reached skill level 5 in Maces & Flails
  8394 | D:8      | Reached skill level 5 in Polearms
  8394 | D:8      | Reached skill level 5 in Staves
  8394 | D:8      | Reached skill level 5 in Slings
  8394 | D:8      | Reached skill level 5 in Bows
  8394 | D:8      | Reached skill level 5 in Crossbows
  8394 | D:8      | Reached skill level 5 in Throwing
  8394 | D:8      | Reached skill level 5 in Dodging
  8394 | D:8      | Reached skill level 5 in Stealth
  8394 | D:8      | Reached skill level 5 in Unarmed Combat
  8394 | D:8      | Reached skill level 5 in Spellcasting
  8394 | D:8      | Reached skill level 5 in Evocations
  8801 | D:8      | Identified the amulet of the Evening {Reflect rN+ rCorr
                  | SH+5}
  9384 | D:8      | Found a basalt altar of Yredelemnul.
  9461 | D:8      | Found a burning altar of Makhleb.
  9498 | D:8      | Noticed a centaur warrior
  9507 | D:8      | Killed a centaur warrior
 10048 | D:9      | Reached XP level 11. HP: 62/87 MP: 19/19
 10081 | D:9      | Noticed Erica
 10094 | D:9      | Killed Erica
 10094 | D:9      | HP: 3/87 [steam dragon/ball of steam (12)]
 10108 | D:9      | Reached skill level 5 in Conjurations
 10108 | D:9      | Reached skill level 5 in Hexes
 10108 | D:9      | Reached skill level 5 in Summonings
 10108 | D:9      | Reached skill level 5 in Necromancy
 10108 | D:9      | Reached skill level 5 in Translocations
 10108 | D:9      | Reached skill level 5 in Transmutations
 10108 | D:9      | Reached skill level 5 in Fire Magic
 10108 | D:9      | Reached skill level 5 in Ice Magic
 10108 | D:9      | Reached skill level 5 in Air Magic
 10108 | D:9      | Reached skill level 5 in Earth Magic
 10108 | D:9      | Reached skill level 5 in Poison Magic
 10552 | D:9      | Found a staircase to the Lair.
 10592 | D:9      | Mangled by a polar bear

Illustrated notes

Levels and vault maps discovered:
D:1:      dpeg_arrival_ternary, layout_basic, shapermc_ecumenical_altar_pompeii
D:2:      layout_basic, serial_bayou_lake_a
D:3:      layout_loops_ring, uniq_robin, uniq_jessica
D:4:      minmay_inner_zag, layout_loops_ring, nicolae_ru_sacrificial_ziggurat,
          uniq_sigmund, uniq_menkaure, uniq_natasha
D:5:      layout_loops_cross, regret_index_temple_of_mockery,
          grunt_qazlal_sundering, serial_shops, nicolae_stop_n_shop_1,
          nrook_loot_triangle, minmay_lizard_king
D:6:      layout_loops_cross, amcnicky_altar_gilded,
          minmay_temple_entry_large_hall, uniq_duvessa, uniq_eustachio,
          uniq_edmund, uniq_pikel
D:7:      layout_loops_cross, mainiacjoe_overflow_chevrons, serial_shops,
          nicolae_diamond_shop, grunt_decor_arrowhead, water_maze_lemuel,
          uniq_crazy_yiuf_cottage, uniq_maggie
D:8:      layout_basic, nicolae_overflow_crystal_walls,
          mainiacjoe_overflow_alcove_4, minmay_fractal_squares_5
D:9:      kennysheep_steamy, layout_small_grid, mainiacjoe_overflow_alcove_1,
          dpeg_oklobed_lair, serial_ice, serial_ice_o, serial_ice_c,
          serial_ice_k, serial_ice_m, bh_circular_ruins, uniq_erica

Skill      XL: |  1  2  3  4  5  6  7  8  9 10 11 |
---------------+----------------------------------+-----
Invocations    | 1 2 3 4 5 6 |  6.6
Long Blades    | 1 2 3 4 5 6 |  6.0
Axes           | 1 2 3 4 5 6 |  6.0
Maces & Flails | 1 2 3 4 5 6 |  6.0
Polearms       | 1 2 3 4 5 6 |  6.0
Staves         | 1 2 3 4 5 6 |  6.0
Slings         | 1 2 3 4 5 6 |  6.0
Bows           | 1 2 3 4 5 6 |  6.0
Crossbows      | 1 2 3 4 5 6 |  6.0
Throwing       | 1 2 3 4 5 6 |  6.0
Dodging        | 1 2 3 4 5 6 |  6.0
Stealth        | 1 2 3 4 5 6 |  6.0
Unarmed Combat | 1 2 3 4 5 6 |  6.0
Spellcasting   | 1 2 3 4 5 6 |  6.0
Evocations     | 1 2 3 4 5 6 |  6.0
Conjurations   | 1 2 3 4 5 |  5.0
Hexes          | 1 2 3 4 5 |  5.0
Summonings     | 1 2 3 4 5 |  5.0
Necromancy     | 1 2 3 4 5 |  5.0
Translocations | 1 2 3 4 5 |  5.0
Transmutations | 1 2 3 4 5 |  5.0
Fire Magic     | 1 2 3 4 5 |  5.0
Ice Magic      | 1 2 3 4 5 |  5.0
Air Magic      | 1 2 3 4 5 |  5.0
Earth Magic    | 1 2 3 4 5 |  5.0
Poison Magic   | 1 2 3 4 5 |  5.0
Short Blades   | 5 6 7 |  7.7
Fighting       | 7 8 9 |  9.0
Armour         | 7 8 9 |  9.0
Shields        | 7 8 9 |  9.0

Action                   |  1- 3 |  4- 6 |  7- 9 | 10-12 || total
-------------------------+-------+-------+-------+-------++-------
Melee: Rapier            |   169 |   103 |    64 |   217 ||   553
       Bite              |    12 |    17 |    39 |    21 ||    89
       Dagger            |       |    93 |   292 |       ||   385
Throw: Dart              |       |     3 |     4 |       ||     7
Invok: Banish            |       |       |       |     1 ||     1
Evoke: Wand              |       |     1 |     2 |     5 ||     8
  Use: Scroll            |       |       |     7 |     7 ||    14
       Potion            |       |       |       |     4 ||     4
 Stab: Sleeping          |       |       |     1 |     2 ||     3
       Distracted        |       |       |     1 |       ||     1
       Paralysed         |       |       |       |     4 ||     4
Armor: Scale mail        |    56 |    69 |   134 |    71 ||   330
Dodge: Dodged            |    49 |    41 |   111 |    87 ||   288
Block: Kite shield       |    93 |   119 |   165 |   202 ||   579
       Reflection        |       |       |       |     6 ||     6
